 Dungeon Crawl Stone Soup version 0.22-a0-409-gb855193 (webtiles) character file.

74 nikopol the Magician (level 4, 0/24 HPs)
             Began as a Deep Elf Fire Elementalist on May 10, 2018.
             Slain by a gnoll
             ... wielding a +0 flail
              (15 damage)
             ... on level 2 of the Dungeon.
             The game lasted 00:06:45 (1312 turns).

nikopol the Magician (Deep Elf Fire Elementalist)   Turns: 1312, Time: 00:06:46

Health: 0/24       AC:  2    Str:  5    XL:     4   Next: 10%
Magic:  8/12       EV: 13    Int: 21    God:
Gold:   57         SH:  0    Dex: 15    Spells: 11/12 levels left

rFire    . . .     SeeInvis .   (no weapon)
rCold    . . .     Gourm    .   (no shield)
rNeg     . . .     Faith    .   a - +0 robe
rPois    .         Spirit   .   (no helmet)
rElec    .         Reflect  .   (no cloak)
rCorr    .         Harm     .   (no gloves)
MR       .....                  (no boots)
Stlth    ++........             (no amulet)
HPRegen  0.08/turn              (no ring)
MPRegen  0.13/turn              (no ring)

@: no status effects
A: no striking features
a: no special abilities


You were on level 2 of the Dungeon.
You were not hungry.

You visited 1 branch of the dungeon, and saw 2 of its levels.

You collected 57 gold pieces.

Inventory:

Armour
 a - a +0 robe (worn)
Jewellery
 h - an uncursed ring of see invisible {unknown}
Scrolls
 g - 2 scrolls of amnesia {unknown}
 i - a scroll of teleportation {unknown}
 j - a scroll of fog {unknown}
 k - a scroll of immolation {unknown}
 l - a scroll of identify {unknown}
 m - a scroll of enchant armour {unknown}
Potions
 b - a potion of ambrosia {unknown}
 e - a potion of heal wounds {unknown}
 f - a potion of degeneration {unknown}
Comestibles
 c - 6 rations
 d - 4 chunks of flesh


   Skills:
 + Level 2.6 Dodging
 + Level 2.6 Stealth
 + Level 4.5 Spellcasting
 + Level 2.3 Conjurations
 + Level 3.9 Fire Magic


You had 11 spell levels left.
You knew the following spells:

 Your Spells              Type           Power        Failure   Level  Hunger
a - Flame Tongue          Conj/Fire      ###..        3%          1    None


Dungeon Overview and Level Annotations

Branches:
Dungeon (2/15)

Altars:


Message History

The gnoll is lightly wounded.
The gnoll closely misses you.
Casting: Flame Tongue (safe; 3% risk of failure)
Confirm with . or Enter, or press ? or * to list all spells.
Aiming: Flame Tongue (safe; 3% risk of failure)
Press: ? - help, Shift-Dir - straight line, f/p - gnoll
Aim: a gnoll, wielding a flail (lightly wounded)
The flame tongue hits the gnoll.
The gnoll is severely wounded.
The gnoll hits you with a flail!
Casting: Flame Tongue (safe; 3% risk of failure)
Confirm with . or Enter, or press ? or * to list all spells.
Aiming: Flame Tongue (safe; 3% risk of failure)
Press: ? - help, Shift-Dir - straight line, f/p - gnoll
Aim: a gnoll, wielding a flail (severely wounded)
The flame tongue hits the gnoll.
The gnoll is almost dead.
The gnoll hits you with a flail!
Ouch! That really hurt!
You die...

..## ..# #. . #.# #. #.
#.### #. ##.
#.######...###. ....##
#.......##...##
#....##########..###...
#.....### ##.# ###.
#g@..##### #.## ##
##.....).# #..#####
####.##)# ##..<...
#.##.#########.
#.##...# ## #..###.###
# ##. #...# # .#
###.###### .# #......#.


You could see a gnoll.

Vanquished Creatures
  2 adders (D:2)
  2 gnolls (D:2)
  A dart slug (D:2)
  3 leopard geckos
  3 giant cockroaches
  5 goblins
  A hobgoblin (D:1)
  9 bats
  2 frilled lizards (D:1)
  5 rats
33 creatures vanquished.

Notes
Turn   | Place    | Note
-------+----------+-------------------------------------------
     0 | D:1      | nikopol the Deep Elf Fire Elementalist began the quest for the Orb.
     0 | D:1      | Reached XP level 1. HP: 10/10 MP: 6/6
   365 | D:1      | Reached XP level 2. HP: 15/15 MP: 5/8
   925 | D:2      | Reached skill level 4 in Spellcasting
   925 | D:2      | Reached XP level 3. HP: 19/19 MP: 3/10
  1117 | D:2      | Reached XP level 4. HP: 10/24 MP: 3/12
  1312 | D:2      | Slain by a gnoll

Vault maps used:
D:1:      dpeg_arrival_snail, minmay_crystal_room, minmay_statues_item,
          minmay_strange_pillars

Skill      XL: |  1  2  3 |
---------------+----------+-----
Spellcasting   | 4 |  4.5
Conjurations   | 2 |  2.3
Dodging        | |  2.6
Stealth        | |  2.6
Fire Magic     | |  3.9

Action                   |  1- 3 |  4- 6 || total
-------------------------+-------+-------++-------
Melee: Unarmed           |     1 |       ||     1
 Cast: Flame Tongue      |    56 |     5 ||    61
  Eat: Chunk             |       |     1 ||     1
Armor: Robe              |     5 |       ||     5
Dodge: Dodged            |    18 |     1 ||    19

Table legend:
 A = Spawn XP
 B = Non-spawn XP
 C = Spawn XP percentage of total XP
 D = Spawn monster count
 E = Non-spawn monster count
 F = Spawn count percentage of total count
 G = Total turns spent on level
                    A         B        C        D         E        F      G
               +---------+---------+-------+---------+---------+-------+---------
         Total |       0 |     107 |   0.0 |       0 |      33 |   0.0 |  1312
               +---------+---------+-------+---------+---------+-------+---------
           D:1 |       0 |      32 |   0.0 |       0 |      19 |   0.0 |   897
           D:2 |       0 |      75 |   0.0 |       0 |      14 |   0.0 |   415
               +---------+---------+-------+---------+---------+-------+---------
